 Dungeon Crawl Stone Soup version 0.30-a0-475-g03497ec522 (webtiles) character file.

Game seed: 10401126231566133535

2177 bmack86 the Cleaver (level 9, -10/79 HPs)
             Began as a Minotaur Fighter on Dec 21, 2022.
             Was an Initiate of Gozag.
             Mangled by a yak (14 damage)
             ... on level 6 of the Dungeon.
             The game lasted 00:17:37 (4680 turns).

bmack86 the Cleaver (Minotaur Fighter)              Turns: 4680, Time: 00:17:38

Health: -10/79     AC:  9    Str: 25    XL:     9   Next: 11%
Magic:  8/8        EV:  9    Int:  5    God:    Gozag
Gold:   430        SH:  9    Dex: 10    Spells: 8/8 levels left

rFire   . . .      SeeInvis .    a - +3 war axe
rCold   . . .      Faith    .    p - +0 kite shield
rNeg    . . .      Spirit   .    E - +2 ring mail {rPois}
rPois   +          Reflect  .    (helmet restricted)
rElec   .          Harm     .    (no cloak)
rCorr   .          Rampage  .    x - +0 pair of gloves
Will    .....                    (no boots)
Stlth   +.........               m - amulet of regeneration
HPRegen 1.13/turn                (no ring)
MPRegen 0.11/turn                (no ring)

@: gold aura
A: horns 2, retaliatory headbutt
a: Renounce Religion, Potion Petition, Call Merchant, Bribe Branch


You were on level 6 of the Dungeon.
You worshipped Gozag.
Gozag was aware of your devotion.
You visited 2 branches of the dungeon, and saw 7 of its levels.

You collected 560 gold pieces.
You paid 130 gold pieces to Gozag.

Inventory:

Hand Weapons
 a - a +3 war axe (weapon)
 j - the +5 short sword of Betockak {venom, rElec rC+ Will+}
   (You found it on level 2 of the Dungeon)

   It poisons the flesh of those it strikes.
   rC:        It protects you from cold.
   rElec:     It insulates you from electricity.
   Will:      It increases your willpower.
Missiles
 i - 2 atropa-tipped darts (quivered)
 n - 2 throwing nets
Armour
 p - a +0 kite shield (worn)
 r - a +0 chain mail
 x - a +0 pair of gloves (worn)
 E - a +2 ring mail of poison resistance (worn)
Jewellery
 m - an amulet of regeneration (around neck)
Wands
 v - a wand of paralysis (4)
Scrolls
 h - 2 scrolls of magic mapping
 k - a scroll of poison
 o - a scroll of teleportation
 q - a scroll of blinking {unknown}
 s - a scroll of summoning
 t - a scroll of immolation
 w - 2 scrolls of amnesia
 y - a scroll of fog
 B - a scroll of enchant weapon
 D - 2 scrolls of identify
Potions
 b - a potion of invisibility {unknown}
 c - 2 potions of attraction
 d - a potion of might
 e - 3 potions of degeneration {unknown}
 f - 3 potions of curing {unknown}
 g - a potion of magic {unknown}
 l - a potion of berserk rage {unknown}
 u - 2 potions of heal wounds {unknown}
 z - a potion of flight {unknown}
 A - 2 potions of cancellation {unknown}
 C - a potion of lignification {unknown}


   Skills:
 + Level 7.4 Fighting
 + Level 10.4 Axes
 + Level 7.0 Armour
 + Level 2.0 Dodging
 + Level 0.7 Stealth
 + Level 5.6 Shields


You had 8 spell levels left.
You didn't know any spells.
Your spell library was empty.

Dungeon Overview and Level Annotations

Branches:
Dungeon (6/15)             Temple (1/1) D:6

Altars:
Ashenzari
Dithmenos
Elyvilon
Fedhas
Gozag
Hepliaklqana
Kikubaaqudgha
Qazlal
Sif Muna
Uskayaw
Vehumet
Xom
Yredelemnul
Zin


Innate Abilities, Weirdness & Mutations

You have a pair of horns on your head.
You reflexively headbutt those who attack you in melee.


Message History

* * * LOW HITPOINT WARNING * * *
The yak barely misses you.
A scorpion comes into view.
You barely miss the yak.
The yak is heavily wounded.
You barely miss the yak. You miss the ufetubus.
The yak is no longer distracted by gold.
The ufetubus hits you but does no damage.
The ufetubus misses you.
The yak is distracted by your dazzling golden aura.
The yak barely misses you. You furiously retaliate!
You headbutt the yak. You block the ufetubus's attack.
The ufetubus hits you but does no damage.
The yak bellows!
You hit the yak.
The yak is severely wounded.
You hit the yak but do no damage.
The yak is no longer distracted by gold.
You closely miss the ufetubus. You hit the yak but do no damage.
You block the ufetubus's attack. x2; The yak gores you!
* * * LOW HITPOINT WARNING * * *
The yak barely misses you. The yak gores you.
* * * LOW HITPOINT WARNING * * *
The ufetubus hits you.
* * * LOW HITPOINT WARNING * * *
You block the ufetubus's attack.
You slash the yak!
You kill the yak!
You barely miss the yak. You barely miss the ufetubus. You hit the yak.
The yak gores you but does no damage. The yak gores you.
* * * LOW HITPOINT WARNING * * *
The ufetubus closely misses you.
The ufetubus hits you but does no damage.
Your Armour skill increases to level 7!
Your Dodging skill increases to level 2!
The ufetubus attacks as you move away! You block the ufetubus's attack.
The ufetubus hits you but does no damage.
The yak gores you!
You die...
Your body crumbles into a pile of gold.

##..### ##.....# ###
#......# #.# ##......#
..###......##
...#.....###
.........################
......................!..
.....[..........@Y5.s....
..♣.♣)♣.♣.♣.♣.♣.♣Y♣.♣.♣.♣
....)).................5
....)....................
.........................
...(♣.♣.♣.♣.♣.♣.♣.♣.♣.♣.♣
.....................!...
........................
.....####.#....##...


You could see 2 yaks, a scorpion and an ufetubus.

Vanquished Creatures
  2 yaks (D:6)
  A sky beast (D:5)
  3 ogres
  A kobold brigand (D:6)
  A bullfrog (D:6)
  2 necrophages
  5 scorpions
  A wight (D:5)
  4 orc priests
  2 jellies (D:5)
  4 hounds
  Jessica (D:2)
  10 iguanas
  4 orc wizards
  12 adders
  3 gnolls (D:3)
  An ufetubus (D:4)
  A worm (D:2)
  4 dart slugs
  22 orcs
  9 ball pythons
  A bat (D:3)
  9 endoplasms
  3 giant cockroaches
  5 goblins
  3 hobgoblins
  11 kobolds
  A quokka (D:5)
  7 frilled lizards
  4 rats
137 creatures vanquished.

Vanquished Creatures (others)
  10 fungi
  6 plants
16 creatures vanquished.

Grand Total: 153 creatures vanquished

Notes
Turn   | Place    | Note
-------+----------+-------------------------------------------
     0 | D:1      | bmack86 the Minotaur Fighter began the quest for the Orb.
     0 | D:1      | Reached XP level 1. HP: 19/19 MP: 0/0
   301 | D:1      | Reached XP level 2. HP: 27/27 MP: 1/1
   890 | D:2      | Reached XP level 3. HP: 30/34 MP: 2/2
   902 | D:2      | Reached skill level 3 in Axes
   974 | D:2      | Identified the +5 short sword of Betockak {venom, rElec rC+
                  | Will+}
   990 | D:2      | Noticed Jessica
  1000 | D:2      | Killed Jessica
  1001 | D:2      | Reached XP level 4. HP: 35/41 MP: 3/3
  1274 | D:2      | Found an ancient bone altar of Kikubaaqudgha.
  1749 | D:3      | Reached skill level 4 in Axes
  1793 | D:3      | Reached skill level 5 in Fighting
  1819 | D:3      | Reached XP level 5. HP: 48/48 MP: 4/4
  2343 | D:4      | Noticed an ogre
  2353 | D:4      | Killed an ogre
  2354 | D:4      | Reached skill level 5 in Axes
  2354 | D:4      | Reached skill level 5 in Armour
  2354 | D:4      | Reached skill level 1 in Dodging
  2354 | D:4      | Reached XP level 6. HP: 27/56 MP: 5/5
  2632 | D:4      | HP: 1/56 [ogre/+0 giant spiked club (20)]
  2634 | D:4      | Reached skill level 6 in Axes
  2634 | D:4      | Reached XP level 7. HP: 3/62 MP: 6/6
  3062 | D:5      | Entered Level 5 of the Dungeon
  3281 | D:5      | Reached skill level 7 in Axes
  3281 | D:5      | Reached skill level 5 in Shields
  3495 | D:5      | HP: 1/64 [ogre/+0 giant club (32)]
  3497 | D:5      | Reached XP level 8. HP: 3/71 MP: 7/7
  3917 | D:5      | Reached skill level 8 in Axes
  4008 | D:5      | Found a blossoming altar of Fedhas.
  4118 | D:6      | Found a staircase to the Ecumenical Temple.
  4157 | D:6      | Reached skill level 9 in Axes
  4179 | Temple   | Entered the Ecumenical Temple
  4208 | Temple   | Became a worshipper of Gozag Ym Sagoz the Greedy
  4450 | D:6      | Reached skill level 10 in Axes
  4676 | D:6      | Reached XP level 9. HP: 32/79 MP: 8/8
  4678 | D:6      | HP: 3/79 [ufetubus (2)]
  4680 | D:6      | Mangled by a yak

Illustrated notes

Levels and vault maps discovered:
D:1:      dpeg_arrival_boxorama, layout_basic, ebering_dispersal_statue_hall
D:2:      layout_basic, basic_altar, minmay_vboxes, uniq_jessica
D:3:      layout_loops_ring, kennysheep_nub, lexackson_kobold_supper
D:4:      layout_basic
D:5:      minmay_chambers_of_fours, layout_gridville, fedhas_altar_3,
          minivault_11, minmay_quadrilaterals
D:6:      layout_cave_pools, minmay_temple_entry_wispy, serial_park,
          serial_park_avenue1, serial_park_gazebo [serial_park_minivault_5x5_6],
          serial_park_square2
Temple:   compressed_dpeg_triangle_lava_temple

Skill      XL: |  1  2  3  4  5  6  7  8  9 |
---------------+----------------------------+-----
Fighting       | 4 5 6 7 |  7.4
Armour         | 4 5 6 7 |  7.0
Axes           | 3 4 5 6 7 10 | 10.4
Shields        | 4 5 |  5.6
Dodging        | 1 2 |  2.0
Stealth        | |  0.7

Action                   |  1- 3 |  4- 6 |  7- 9 || total
-------------------------+-------+-------+-------++-------
Melee: War axe           |    52 |   108 |   161 ||   321
       Headbutt          |     6 |    17 |    35 ||    58
  Use: Scroll            |     4 |     3 |     6 ||    13
Armor: Scale mail        |    27 |    26 |       ||    53
       Chain mail        |       |    23 |    90 ||   113
       Ring mail         |       |       |    26 ||    26
Dodge: Dodged            |    25 |    25 |    48 ||    98
Block: Buckler           |     9 |     8 |       ||    17
       Kite shield       |       |    32 |    88 ||   120

Table legend: (Time is in decaauts)
 A = Elapsed time spent in this place.
 B = Non-inter-level travel time spent in this place.
 C = Inter-level travel time spent in this place.
 D = Time resting spent in this place.
 E = Time spent auto-exploring this place.
 F = Levels seen in this place.
 G = Mean time per level.
                   A        B        C        D        E       F      G
               +--------+--------+--------+--------+--------+-----+--------+
         Total |   4784 |   4638 |    146 |    170 |   2819 |   7 |  683.4 |
       Dungeon |   4739 |   4593 |    146 |    170 |   2819 |   6 |  789.8 |
        Temple |     44 |     44 |      0 |      0 |      0 |   1 |   44.0 |
               +--------+--------+--------+--------+--------+-----+--------+

Top non-repeatable levels by time:
     D:5: 1098 daAuts
     D:1: 839 daAuts
     D:3: 827 daAuts
     D:4: 749 daAuts
     D:2: 709 daAuts
     D:6: 514 daAuts
  Temple: 44 daAuts
